[Event "World Junior Chess Championship U20 2022"]
[White "Salem, Muhsan Shuaib"]
[Black "Momin, Fayzan"]
[WhiteFideId "9325824"]
[BlackFideId "7805225"]
[WhiteElo "1227"]
[BlackElo "1974"]
[Result "0-1"]
[Round "03"]
[TimeControl "5400+30"]
[Date "2022.10.13"]
[WhiteClock "0:24:04"]
[BlackClock "1:28:03"]

1. d4 Nf6 2. c4 e6 3. Nf3 Bb4+ 4. Bd2 Qe7 5. Nc3 O-O 6. g3 b6 7. a3 Bxc3 8. Bxc3 Ne4 9. Qc2 Bb7 10. Bg2 Nxc3 11. Qxc3 d6 12. O-O Nd7 13. Rfd1 Nf6 14. Rac1 Rad8 15. e3 h6 16. b4 c5 17. b5 Bxf3 18. Bxf3 e5 19. Bc6 Qc7 20. d5 Ne4 21. Qc2 f5 22. Ra1 Ng5 23. Ra2 f4 24. e4 fxg3 25. hxg3 Nh3+ 26. Kh1 Nxf2+ 27. Kh2 Qf7 28. Qe2 Nxd1 29. Qxd1 Qf1 30. Qc2 Rf3 31. Qd1 0-1


[Site "http://www.chessbomb.com"]

[Event "World Junior Chess Championship U20 2022"]
[White "Svane, Frederik"]
[Black "Gadimbayli, Abdulla"]
[WhiteFideId "12923044"]
[BlackFideId "13404938"]
[WhiteElo "2566"]
[BlackElo "2499"]
[Result "1/2-1/2"]
[Round "04"]
[TimeControl "5400+30"]
[Date "2022.10.14"]
[WhiteClock "0:01:40"]
[BlackClock "0:16:15"]

1. e4 e6 2. d4 d5 3. e5 c5 4. c3 Bd7 5. Nf3 Qb6 6. Be2 Bb5 7. dxc5 Bxc5 8. b4 Bxf2+ 9. Kf1 Bc6 10. a4 a6 11. a5 Qa7 12. Na3 Be3 13. b5 axb5 14. Nxb5 Bxb5 15. Bxb5+ Nc6 16. Bxe3 Qxe3 17. a6 Qa7 18. Nd4 Ne7 19. Rb1 bxa6 20. Bxc6+ Nxc6 21. Qa4 O-O 22. Qxc6 Rfc8 23. Rb7 Rxc6 24. Rxa7 Rxa7 25. Nxc6 Rc7 26. Nd4 Rxc3 27. Ke2 Rc4 28. Kd3 a5 29. Rb1 g5 30. Rb7 a4 31. Ra7 Rb4 32. Kc3 Rc4+ 33. Kd3 Rb4 34. Nc6 Rb2 35. Nd8 Rf2 36. Ke3 Rf5 37. Nc6 Rf4 38. g3 Re4+ 39. Kd3 Kg7 40. Nd8 Kg6 41. Nxf7 h5 42. Nd6 Rxe5 43. Kd2 Kf6 44. Rf7+ Kg6 45. Ra7 Kf6 46. h3 a3 47. Rxa3 Ke7 48. Ra6 Kd7 49. Nf7 Rf5 50. Ra7+ Kc6 51. Nd8+ Kd6 52. Ra6+ Ke7 53. Nxe6 Rf6 54. Nc5 Rf2+ 55. Ke3 Rh2 56. Kf3 h4 57. Kg4 hxg3 58. Kxg3 Rc2 59. Ne6 Rc3+ 60. Kg4 d4 61. Nxg5 d3 62. Ra4 d2 63. Re4+ Kf8 64. Rd4 Rc4 65. Rxc4 d1=Q+ 66. Nf3 Qd7+ 1/2-1/2


[Site "http://www.chessbomb.com"]

[Event "World Junior Chess Championship U20 2022"]
[White "Kozak, Adam"]
[Black "Samunenkov, Ihor"]
[WhiteFideId "753246"]
[BlackFideId "14187086"]
[WhiteElo "2516"]
[BlackElo "2473"]
[Result "1/2-1/2"]
[Round "04"]
[TimeControl "5400+30"]
[Date "2022.10.14"]
[WhiteClock "0:21:40"]
[BlackClock "0:32:51"]

1. d4 d5 2. c4 e6 3. Nf3 Nf6 4. Nc3 a6 5. cxd5 exd5 6. Bg5 Be6 7. e3 Nbd7 8. h3 c6 9. Bd3 Bd6 10. Bf4 Qc7 11. Qd2 O-O 12. O-O Rfe8 13. Rfe1 Nb6 14. b3 Rad8 15. Bxd6 Qxd6 16. Rac1 Qe7 17. Qc2 g6 18. Ne5 Nc8 19. f4 Nd6 20. g4 Bc8 21. Qg2 Nfe4 22. Bxe4 dxe4 23. Kh2 Kg7 24. Rf1 f6 25. Nc4 Nf7 26. Nd2 Nd6 27. Nc4 Nf7 28. Nd2 Nd6 29. Nc4 1/2-1/2


[Site "http://www.chessbomb.com"]

[Event "World Junior Chess Championship U20 2022"]
[White "Kacharava, Nikolozi"]
[Black "Ivic, Velimir"]
[WhiteFideId "13611860"]
[BlackFideId "950122"]
[WhiteElo "2512"]
[BlackElo "2553"]
[Result "1/2-1/2"]
[Round "04"]
[TimeControl "5400+30"]
[Date "2022.10.14"]
[WhiteClock "0:11:55"]
[BlackClock "0:10:14"]

1. e4 c5 2. Nf3 Nc6 3. Bb5 e6 4. O-O Nge7 5. d4 cxd4 6. Nxd4 Ng6 7. Be3 Be7 8. Be2 O-O 9. c4 b6 10. Nc3 Bb7 11. Nb3 Qc7 12. f4 Rad8 13. Qd2 Rfe8 14. Rad1 d6 15. g3 Qb8 16. a3 Nf8 17. Qe1 Bf6 18. g4 Bxc3 19. Qxc3 d5 20. cxd5 exd5 21. e5 Ne6 22. Nd4 Ncxd4 23. Bxd4 f6 24. Bb5 Nxd4 25. Rxd4 fxe5 26. fxe5 Rxe5 27. Rdf4 a6 28. Bd3 Re7 29. Qc2 g6 30. Qf2 Qc8 31. Qxb6 Rde8 32. Qd4 Re1 33. Rxe1 Rxe1+ 34. Rf1 Qe6 35. Rxe1 Qxe1+ 36. Bf1 a5 37. Qb6 Qe7 38. Qd4 Qe1 39. Kg2 Kf7 40. Qf4+ Ke6 41. Qd4 Bc6 42. b4 axb4 43. axb4 Qe5 44. Qc5 Qe4+ 45. Kg3 Qe1+ 46. Kg2 Qe4+ 47. Kg3 Qe1+ 48. Kg2 Qe4+ 1/2-1/2


[Site "http://www.chessbomb.com"]

[Event "World Junior Chess Championship U20 2022"]
[White "Esipenko, Andrey"]
[Black "Stoyanov, Tsvetan"]
[WhiteFideId "24175439"]
[BlackFideId "2917173"]
[WhiteElo "2668"]
[BlackElo "2449"]
[Result "1-0"]
[Round "04"]
[TimeControl "5400+30"]
[Date "2022.10.14"]
[WhiteClock "0:11:05"]
[BlackClock "0:02:05"]

1. e4 c5 2. Nf3 d6 3. Bb5+ Nd7 4. Ba4 Nf6 5. O-O e6 6. d3 Be7 7. c4 O-O 8. Nc3 a6 9. h3 Nb8 10. a3 Bd7 11. Bd2 Nc6 12. Rb1 Na7 13. b4 b5 14. Bb3 cxb4 15. axb4 Nc6 16. Bc2 Ne5 17. cxb5 Nxf3+ 18. Qxf3 Bxb5 19. Rfd1 Qb6 20. Nxb5 axb5 21. Bb3 Rfc8 22. Qe2 Qb7 23. h4 Bd8 24. Bf4 d5 25. e5 Nd7 26. h5 Be7 27. d4 Bxb4 28. Bc2 Bf8 29. Rb3 b4 30. Rg3 Ra3 31. Bd3 Kh8 32. Qg4 f5 33. exf6 Nxf6 34. Qxe6 Re8 35. Qf5 Qd7 36. Qxd7 Nxd7 37. h6 g6 38. Bb5 Rxg3 39. Bxg3 Re7 40. Bf4 Rf7 41. g3 Nf6 42. Ra1 g5 43. Bxg5 Ne4 44. Bf4 Nc3 45. Bd3 b3 46. Ra8 b2 47. Be5+ Kg8 48. Rb8 b1=Q+ 49. Bxb1 Nxb1 50. Rxb1 Bxh6 51. Rb8+ Rf8 52. Rb6 Bd2 53. Rd6 Be1 54. Bf4 Rf5 55. Kf1 Bc3 56. Be5 Kf7 57. f4 h5 58. Ke2 Bb4 59. Rxd5 1-0


[Site "http://www.chessbomb.com"]

[Event "World Junior Chess Championship U20 2022"]
[White "Murzin, Volodar"]
[Black "Ghimpu, Samuel-Timotei"]
[WhiteFideId "44155573"]
[BlackFideId "1238175"]
[WhiteElo "2557"]
[BlackElo "2434"]
[Result "1-0"]
[Round "04"]
[TimeControl "5400+30"]
[Date "2022.10.14"]
[WhiteClock "0:22:18"]
[BlackClock "0:28:45"]

1. e4 e6 2. d4 d5 3. Nc3 Nf6 4. Bg5 dxe4 5. Nxe4 Nbd7 6. Nf3 h6 7. Nxf6+ Nxf6 8. Be3 Bd6 9. Bd3 b6 10. Qe2 Bb7 11. O-O-O O-O 12. Ne5 Nd5 13. Bd2 Qh4 14. Nf3 Qf6 15. Qe4 Qg6 16. Qxg6 fxg6 17. Be4 Rab8 18. Rhe1 g5 19. h3 b5 20. c3 c5 21. dxc5 Bxc5 22. Re2 b4 23. c4 Nf4 24. Bxf4 Rxf4 25. Nd2 Bxf2 26. Bxb7 Rxb7 27. Ne4 Bb6 28. Kc2 e5 29. Rd6 g4 30. hxg4 Rxg4 31. Kb3 Kf8 32. Rd5 Bd4 33. Rd8+ 1-0


[Site "http://www.chessbomb.com"]

[Event "World Junior Chess Championship U20 2022"]
[White "Sonis, Francesco"]
[Black "Sokolovsky, Yahli"]
[WhiteFideId "895733"]
[BlackFideId "2820242"]
[WhiteElo "2531"]
[BlackElo "2416"]
[Result "1-0"]
[Round "04"]
[TimeControl "5400+30"]
[Date "2022.10.14"]
[WhiteClock "0:07:30"]
[BlackClock "0:01:50"]

1. Nf3 Nf6 2. c4 g6 3. g3 Bg7 4. Bg2 d6 5. d4 O-O 6. Nc3 Nc6 7. O-O e5 8. dxe5 dxe5 9. Bg5 h6 10. Qxd8 Rxd8 11. Bxf6 Bxf6 12. Nd5 Kg7 13. Nxc7 Rb8 14. e4 Be7 15. Rfd1 Bg4 16. h3 Bxf3 17. Bxf3 Nd4 18. Kg2 b5 19. cxb5 Bd6 20. Nd5 Rxb5 21. Rd2 Rc8 22. Be2 Ra5 23. Bd1 Rac5 24. Ne3 Rc1 25. Rxc1 Rxc1 26. Ba4 Bc5 27. Rd1 Ne2 28. Rxc1 Nxc1 29. a3 Nd3 30. b4 Bd4 31. Kf1 Nc1 32. Bc6 Bb2 33. Nc4 Bd4 34. f3 f5 35. Ke1 f4 36. g4 Nd3+ 37. Ke2 Nf2 38. h4 Nh3 39. Kf1 Ng1 40. Nxe5 Bxe5 41. Kxg1 g5 42. hxg5 hxg5 43. Kf1 Bb2 44. a4 Bc3 45. b5 Kf6 46. Ke2 Ke5 47. Kd3 Be1 48. Ba8 Ba5 49. Kc4 Kd6 50. Kd4 Bb6+ 51. Kc3 Ba5+ 52. Kc4 Be1 53. Bd5 Ba5 54. Bg8 Be1 55. e5+ Kxe5 56. Kc5 Bf2+ 57. Kc6 Bb6 58. Kb7 Kd6 59. Bh7 Kd7 60. Bg6 Kd6 61. Bf5 Kc5 62. Ka6 Kb4 63. Bc2 Bc5 64. a5 Bd4 65. b6 axb6 66. axb6 Be5 67. b7 Bb8 68. Kb6 Kc3 69. Be4 Kb4 70. Bd5 Ka4 71. Bf7 Kb4 72. Be8 1-0


[Site "http://www.chessbomb.com"]

[Event "World Junior Chess Championship U20 2022"]
[White "Batsuren, Dambasuren"]
[Black "Isik, Alparslan"]
[WhiteFideId "4902920"]
[BlackFideId "34506896"]
[WhiteElo "2522"]
[BlackElo "2377"]
[Result "1/2-1/2"]
[Round "04"]
[TimeControl "5400+30"]
[Date "2022.10.14"]
[WhiteClock "0:26:21"]
[BlackClock "0:35:25"]

1. d4 d5 2. c4 e6 3. Nf3 Nf6 4. g3 Bb4+ 5. Bd2 Bd6 6. Bg2 c6 7. Qc2 Nbd7 8. O-O O-O 9. Bg5 h6 10. Bxf6 Nxf6 11. Nbd2 b6 12. Ne1 c5 13. dxc5 Bxc5 14. Nd3 Be7 15. cxd5 Nxd5 16. Nf4 Bb7 17. Nxd5 Bxd5 18. Rfd1 Bxg2 19. Kxg2 Rc8 20. Qa4 Rc7 21. Nf3 Qe8 22. Qb3 Bf6 23. Rac1 Qc8 24. Rxc7 Qxc7 25. Qb5 Rc8 26. b3 Qc6 27. Qxc6 Rxc6 28. Rd7 Rc2 29. Rd2 Rxd2 30. Nxd2 Kf8 31. Kf3 Ke7 32. Ke4 Kd6 33. Kd3 Kc6 34. h4 g6 35. a4 a6 36. Ke4 1/2-1/2


[Site "http://www.chessbomb.com"]

[Event "World Junior Chess Championship U20 2022"]
[White "Petriashvili, Nikoloz"]
[Black "Petkov, Momchil"]
[WhiteFideId "13611216"]
[BlackFideId "2921642"]
[WhiteElo "2428"]
[BlackElo "2511"]
[Result "1/2-1/2"]
[Round "04"]
[TimeControl "5400+30"]
[Date "2022.10.14"]
[WhiteClock "0:23:13"]
[BlackClock "0:10:35"]

1. e4 c5 2. Nc3 d6 3. d4 cxd4 4. Qxd4 Nc6 5. Qd2 g6 6. b3 Bh6 7. f4 f5 8. Bb2 Nf6 9. O-O-O Rf8 10. exf5 Bxf5 11. Bb5 Qb6 12. Nge2 Ne4 13. Bxc6+ Qxc6 14. Nxe4 Bxe4 15. Kb1 Rc8 16. Nd4 Qd7 17. Rhf1 Bg7 18. Rfe1 d5 19. Ka1 b5 20. Rc1 Bh6 21. g3 Kf7 22. Ne2 Rfd8 23. Nc3 Bf5 24. Ne2 Be4 25. Nc3 Bf5 26. Ne2 Be4 27. Nc3 1/2-1/2


[Site "http://www.chessbomb.com"]

[Event "World Junior Chess Championship U20 2022"]
[White "Zhu, Jiner"]
[Black "Abdurakhmonov, Mukhammadali"]
[WhiteFideId "8608059"]
[BlackFideId "14207346"]
[WhiteElo "2484"]
[BlackElo "2345"]
[Result "1/2-1/2"]
[Round "04"]
[TimeControl "5400+30"]
[Date "2022.10.14"]
[WhiteClock "0:31:41"]
[BlackClock "0:28:35"]

1. e4 c5 2. Nf3 e6 3. d4 cxd4 4. Nxd4 a6 5. Nc3 Qc7 6. Bd3 Nf6 7. Qe2 d6 8. f4 g6 9. e5 Nfd7 10. exd6 Bxd6 11. O-O O-O 12. Ne4 Be7 13. Be3 Nf6 14. c4 Nbd7 15. Nxf6+ Bxf6 16. Rad1 Nc5 17. Bc2 e5 18. Nb3 Ne6 19. f5 Nf4 20. Bxf4 exf4 21. Be4 Re8 22. Qc2 Kg7 23. Rde1 a5 24. Kh1 a4 25. Nc1 Qa5 26. fxg6 hxg6 27. Qf2 g5 28. Nd3 Ra6 29. Bd5 Rxe1 30. Rxe1 Bf5 31. Ne5 Rb6 32. Re2 a3 33. b3 Rxb3 34. axb3 Bxe5 35. Rxe5 a2 36. Re1 a1=Q 37. Rxa1 Qxa1+ 38. Qg1 Qxg1+ 39. Kxg1 b6 40. b4 Kf6 41. Kf2 Bg6 42. c5 bxc5 43. bxc5 Ke5 44. Bb7 f6 45. Ke2 Bf7 46. Bf3 Bd5 47. h3 f5 48. Bxd5 Kxd5 49. h4 gxh4 50. Kf3 Kxc5 51. Kxf4 Kd4 52. Kxf5 Ke3 53. Kg4 Kf2 54. Kxh4 Kxg2 1/2-1/2


[Site "http://www.chessbomb.com"]

[Event "World Junior Chess Championship U20 2022"]
[White "Jakab, Bela"]
[Black "Stefansson, Vignir Vatnar"]
[WhiteFideId "14933128"]
[BlackFideId "2308649"]
[WhiteElo "2353"]
[BlackElo "2471"]
[Result "1/2-1/2"]
[Round "04"]
[TimeControl "5400+30"]
[Date "2022.10.14"]
[WhiteClock "0:18:32"]
[BlackClock "1:03:16"]

1. e4 e6 2. d4 d5 3. Nc3 Be7 4. exd5 exd5 5. Bd3 Nf6 6. Nge2 O-O 7. Bg5 h6 8. Bh4 b6 9. O-O Bb7 10. Re1 c5 11. Ng3 g6 12. Qf3 Nbd7 13. Qe3 Re8 14. Qxh6 Ng4 15. Qf4 Bxh4 16. Qxg4 Bxg3 17. Qxg3 c4 18. Bxg6 fxg6 19. Qxg6+ Kh8 20. Nb5 Nf8 21. Rxe8 Qxe8 22. Qf6+ Kg8 23. Nd6 Qe6 24. Qxe6+ Nxe6 25. Nxb7 Nxd4 26. c3 Ne2+ 27. Kf1 Nf4 28. b3 cxb3 29. axb3 Rc8 30. g3 Nd3 31. c4 dxc4 32. bxc4 Rxc4 33. Ra3 Rc1+ 34. Ke2 Ne5 35. Rxa7 Rc2+ 36. Kf1 Nd3 37. Ra3 Rxf2+ 38. Kg1 Rd2 39. h4 b5 40. Rb3 b4 41. g4 Ne5 42. Rxb4 Nf3+ 43. Kf1 Nh2+ 44. Ke1 Nf3+ 45. Kf1 1/2-1/2


[Site "http://www.chessbomb.com"]

[Event "World Junior Chess Championship U20 2022"]
[White "Barseghyan, Armen Ar."]
[Black "Nesterov, Arseniy"]
[WhiteFideId "13306707"]
[BlackFideId "24198455"]
[WhiteElo "2402"]
[BlackElo "2567"]
[Result "1/2-1/2"]
[Round "04"]
[TimeControl "5400+30"]
[Date "2022.10.14"]
[WhiteClock "0:43:40"]
[BlackClock "0:18:53"]

1. d4 Nf6 2. Nf3 d5 3. Bf4 c5 4. e3 Nc6 5. Nbd2 cxd4 6. exd4 Bf5 7. Bb5 Qb6 8. a4 a6 9. Bxc6+ bxc6 10. Nb3 e6 11. O-O Be7 12. Ne5 h6 13. c4 dxc4 14. Nxc4 Qd8 15. Rc1 Nd5 16. Be5 O-O 17. Nca5 Nb4 18. Qf3 Qd5 19. Nxc6 Nxc6 20. Qxd5 exd5 21. Rxc6 Bd7 22. Rc7 Bxa4 23. Rxe7 Bxb3 24. Rc1 Rac8 25. Rxc8 Rxc8 26. Rc7 Rxc7 27. Bxc7 f6 28. f3 Kf7 29. Kf2 Ke6 30. Ke3 Kd7 31. Ba5 1/2-1/2


[Site "http://www.chessbomb.com"]

[Event "World Junior Chess Championship U20 2022"]
[White "Peyrer, Konstantin"]
[Black "Mendonca, Leon Luke"]
[WhiteFideId "1640879"]
[BlackFideId "35028561"]
[WhiteElo "2402"]
[BlackElo "2558"]
[Result "1/2-1/2"]
[Round "04"]
[TimeControl "5400+30"]
[Date "2022.10.14"]
[WhiteClock "0:52:04"]
[BlackClock "0:10:16"]

1. e4 e6 2. d4 d5 3. Nc3 Bb4 4. e5 c5 5. a3 Bxc3+ 6. bxc3 Ne7 7. Qg4 Qc7 8. Qxg7 Rg8 9. Qxh7 cxd4 10. Qd3 Qxe5+ 11. Ne2 dxc3 12. Qxc3 Qxc3+ 13. Nxc3 Nbc6 14. Nb5 Kd7 15. Bb2 a6 16. Nd4 e5 17. Nxc6 Nxc6 18. O-O-O Kd6 19. Bd3 Kc5 20. Rhg1 b5 21. f3 Be6 22. Rde1 f6 23. g4 Rh8 24. g5 Rxh2 25. gxf6 Rh6 26. Rxe5 Nxe5 27. Bxe5 Rg8 28. Re1 Rf8 29. c3 Rfxf6 30. Bd4+ Kd6 31. Bxf6 Rxf6 32. Re3 Rf4 33. Be2 Bd7 34. Kb2 Rh4 35. Bd1 Rh2+ 36. Re2 Rh1 37. Bb3 Rf1 38. Rd2 Bc6 39. c4 bxc4 40. Bxc4 Rxf3 41. Bxa6 Kc5 42. Bd3 Ba4 43. Bc2 Bb5 44. Bd1 Re3 45. Bb3 d4 46. Rc2+ Kb6 47. Rh2 d3 48. Rh6+ Kc7 49. Rh4 Kd6 50. Rd4+ Kc5 51. Rd5+ Kc6 52. Rd8 Ba6 53. Rd4 Rh3 54. Rd8 Rh5 55. Kc3 Rc5+ 56. Kd2 Ra5 57. Ba2 Rb5 58. Bc4 1/2-1/2


[Site "http://www.chessbomb.com"]

[Event "World Junior Chess Championship U20 2022"]
[White "Di Benedetto, Edoardo"]
[Black "Seo, Jung Min"]
[WhiteFideId "875740"]
[BlackFideId "1734687"]
[WhiteElo "2396"]
[BlackElo "2520"]
[Result "1/2-1/2"]
[Round "04"]
[TimeControl "5400+30"]
[Date "2022.10.14"]
[WhiteClock "0:28:54"]
[BlackClock "1:04:02"]

1. d4 Nf6 2. c4 g6 3. g3 c5 4. Nf3 Qa5+ 5. Bd2 Qb6 6. dxc5 Qxc5 7. Bg2 Bg7 8. Qc1 Ne4 9. O-O Nxd2 10. Nbxd2 O-O 11. Rd1 d6 12. Ne4 Qb4 13. Rb1 Bf5 14. a3 Qb6 15. Nh4 Bxe4 16. Bxe4 Nc6 17. b4 Nd4 18. Qd2 Rac8 19. e3 Nc6 20. Nf3 Rfd8 21. Qe2 Bf6 22. Rd5 e6 23. Rxd6 Rxd6 24. c5 Qc7 25. cxd6 Qxd6 26. Rd1 Qc7 27. Kg2 a6 28. Rc1 Qd7 29. b5 axb5 30. Qxb5 Rc7 31. a4 Nd8 32. Rxc7 Qxc7 33. Nd2 Bc3 34. Nb3 b6 35. Qd3 Nb7 36. Bf3 1/2-1/2


[Site "http://www.chessbomb.com"]

[Event "World Junior Chess Championship U20 2022"]
[White "Davtyan, Artur"]
[Black "Milosevic, Milos"]
[WhiteFideId "13308327"]
[BlackFideId "964875"]
[WhiteElo "2517"]
[BlackElo "2379"]
[Result "1-0"]
[Round "04"]
[TimeControl "5400+30"]
[Date "2022.10.14"]
[WhiteClock "0:01:51"]
[BlackClock "0:07:29"]

1. Nf3 d6 2. d4 Nf6 3. c4 Nbd7 4. Nc3 e5 5. e4 Be7 6. Be2 O-O 7. O-O c6 8. Qc2 a6 9. a3 b5 10. Rd1 Qc7 11. Bg5 Re8 12. Rac1 Bf8 13. b4 exd4 14. Nxd4 Bb7 15. Nf5 bxc4 16. Bxc4 d5 17. Bb3 Qe5 18. f4 Qb8 19. e5 Ng4 20. Qe2 Qa7+ 21. Nd4 Ngf6 22. Qd3 c5 23. exf6 cxd4 24. Nxd5 Bxd5 25. Bxd5 Rac8 26. Rxc8 Rxc8 27. Qxd4 Qxd4+ 28. Rxd4 gxf6 29. Bh4 Rc3 30. Bf3 Nc5 31. f5 Nd3 32. h3 Ne5 33. Bxf6 Nxf3+ 34. gxf3 Rc1+ 35. Kg2 h5 36. Rd8 Rc7 37. Be5 1-0


[Site "http://www.chessbomb.com"]

[Event "World Junior Chess Championship U20 2022"]
[White "Horvath, Dominik"]
[Black "Mladek, Richard"]
[WhiteFideId "1642561"]
[BlackFideId "386588"]
[WhiteElo "2505"]
[BlackElo "2371"]
[Result "1-0"]
[Round "04"]
[TimeControl "5400+30"]
[Date "2022.10.14"]
[WhiteClock "0:24:30"]
[BlackClock "0:01:10"]

1. d4 d5 2. c4 e6 3. Nc3 Nf6 4. cxd5 exd5 5. Bg5 c6 6. e3 h6 7. Bh4 Be7 8. Bd3 O-O 9. Nge2 Nbd7 10. O-O Re8 11. a4 Nh5 12. Bxe7 Qxe7 13. a5 Nf8 14. Qb1 g6 15. b4 a6 16. Na4 Rb8 17. Nc5 Ng7 18. Ra2 Bf5 19. Nc1 Qg5 20. Bxf5 Nxf5 21. N1d3 h5 22. Qd1 Ne6 23. Qf3 Kg7 24. Kh1 Re7 25. Rg1 Rh8 26. g3 Nd6 27. Nf4 Nxc5 28. bxc5 Nc4 29. g4 hxg4 30. Qxg4 Qxg4 31. Rxg4 Kf6 32. Nd3 Kf5 33. Rf4+ Kg5 34. Ne5 Nxe5 35. dxe5 Rh7 36. Rb2 Rxe5 37. Rxb7 d4 38. Rxd4 Rxc5 39. Ra4 Rh4 40. Ra1 Rf5 41. Ra2 c5 42. Rb6 c4 43. Rxa6 Rc5 44. Rb6 c3 45. Rb1 Kg4 46. a6 Rh8 47. Kg2 Ra8 48. a7 Rc7 49. Ra5 f5 50. Ra6 c2 51. Rxg6+ Kh5 52. Rbb6 f4 53. exf4 1-0


[Site "http://www.chessbomb.com"]

[Event "World Junior Chess Championship U20 2022"]
[White "Gorshtein, Ido"]
[Black "Stremavicius, Pijus"]
[WhiteFideId "2815532"]
[BlackFideId "12812730"]
[WhiteElo "2471"]
[BlackElo "2363"]
[Result "1-0"]
[Round "04"]
[TimeControl "5400+30"]
[Date "2022.10.14"]
[WhiteClock "0:27:04"]
[BlackClock "0:12:30"]

1. c4 e6 2. g3 f5 3. Bg2 Nf6 4. Nf3 d5 5. O-O Be7 6. Qc2 Nc6 7. cxd5 exd5 8. d3 O-O 9. a3 a5 10. b3 Re8 11. Nc3 Bf8 12. Bb2 f4 13. gxf4 Ne7 14. e3 Ng6 15. Ne2 c6 16. Ng3 Bg4 17. Ne5 Nxe5 18. fxe5 Nd7 19. h3 Be6 20. f4 g6 21. Kh2 Qb6 22. d4 Rac8 23. f5 gxf5 24. Rxf5 Bxf5 25. Nxf5 Kh8 26. Rg1 Qc7 27. Bf3 Re6 28. Kh1 Nb6 29. Bh5 a4 30. e4 axb3 31. Qxb3 Bh6 32. Nd6 Rf8 33. Qg3 Re7 34. Nf5 Re6 35. Qg4 Nc4 36. Nxh6 Rxh6 37. Bc1 Rxh5 38. Qxh5 Qf7 39. Qxf7 Rxf7 40. Bg5 h6 41. e6 Rf3 42. e7 Nd6 43. Bf6+ Rxf6 44. e5 1-0


[Site "http://www.chessbomb.com"]

[Event "World Junior Chess Championship U20 2022"]
[White "Prraneeth, Vuppala"]
[Black "Rohith, Krishna S"]
[WhiteFideId "46622373"]
[BlackFideId "46617051"]
[WhiteElo "2451"]
[BlackElo "2370"]
[Result "1/2-1/2"]
[Round "04"]
[TimeControl "5400+30"]
[Date "2022.10.14"]
[WhiteClock "0:02:27"]
[BlackClock "0:08:46"]

1. e4 e5 2. Nf3 Nc6 3. Bb5 a6 4. Ba4 Nf6 5. O-O Be7 6. Re1 b5 7. Bb3 d6 8. c3 O-O 9. h3 Na5 10. Bc2 c5 11. d4 Qc7 12. d5 Bd7 13. b3 Rfe8 14. Be3 g6 15. Nbd2 Nh5 16. Nf1 Nb7 17. a4 bxa4 18. bxa4 Na5 19. N1d2 Reb8 20. Bd3 Ng7 21. Qe2 Bc8 22. Nc4 Nxc4 23. Bxc4 Kh8 24. Ng5 Bf6 25. Qd2 Qe7 26. f4 Nh5 27. fxe5 Bxe5 28. Nf3 Bg3 29. Bf2 Bf4 30. Be3 Qxe4 31. Bd3 Bxe3+ 32. Rxe3 Qf4 33. Rf1 Bxh3 34. Ne1 Rb2 35. Bc2 Qg4 36. Rxh3 f5 37. Nd3 Ra2 38. Nf2 Qxa4 39. Rc1 Qf4 40. Re3 Rf8 41. Nh3 Qh6 42. Rce1 Nf6 43. Qd1 Qh4 44. Qb1 f4 45. Nxf4 Qxf4 46. g3 Qh6 47. Qxa2 Ng4 48. R3e2 Qh3 49. Qb1 Qxg3+ 50. Rg2 Qh3 51. Qd1 Ne3 52. Qe2 Nxg2 53. Qxg2 Qxc3 54. Re4 a5 55. Qe2 Qg3+ 56. Qg2 Qc3 57. Qe2 Rf7 58. Bd3 Kg7 59. Kg2 Qf6 60. Qe3 Qf5 61. Kg3 h5 62. Re6 Qg4+ 63. Kh2 Qh4+ 64. Kg2 Qg4+ 65. Kh2 1/2-1/2


[Site "http://www.chessbomb.com"]

[Event "World Junior Chess Championship U20 2022"]
[White "Gatineau, Yovann"]
[Black "Gurel, Ediz"]
[WhiteFideId "26028999"]
[BlackFideId "44507356"]
[WhiteElo "2375"]
[BlackElo "2445"]
[Result "1/2-1/2"]
[Round "04"]
[TimeControl "5400+30"]
[Date "2022.10.14"]
[WhiteClock "0:01:20"]
[BlackClock "0:07:13"]

1. d4 d5 2. c4 c6 3. Nf3 Nf6 4. Qc2 g6 5. Nc3 Bg7 6. cxd5 cxd5 7. Bf4 O-O 8. e3 Nc6 9. h3 Bf5 10. Qb3 Na5 11. Qb4 Rc8 12. Be2 Ne4 13. O-O Nxc3 14. bxc3 f6 15. Rfc1 Be6 16. Nd2 Bf7 17. Nb3 Nc4 18. Qxb7 e5 19. Bg3 Nd6 20. Qb4 Ne4 21. Bh2 Qb6 22. Qa3 Rxc3 23. Rxc3 Nxc3 24. Bd3 Re8 25. Rc1 Bf8 26. Qb2 Na4 27. Qe2 Bb4 28. Qc2 Bf8 29. Qc6 Nb2 30. Qxb6 axb6 31. Bb5 Re6 32. Rc2 Ba3 33. Nd2 exd4 34. Nb1 d3 35. Rd2 Nc4 36. Rxd3 Bc5 37. Nc3 Na3 38. Bd7 Re7 39. Nxd5 Bxd5 40. Rxd5 Nc4 41. Bb5 Ne5 42. Kf1 Bb4 43. Rd4 Bc5 44. Rd8+ Kg7 45. Rc8 Bd6 46. a4 h6 47. Ke2 f5 48. Rd8 Bb4 49. Rb8 Bc5 50. Rc8 Bb4 51. f3 g5 52. Rc7 Kf6 53. Rxe7 Bxe7 54. g4 Bc5 55. Bg3 Bb4 56. Bf2 Bc3 57. Bd3 fxg4 58. hxg4 Nd7 59. Bb5 Ne5 60. e4 Ba5 61. Bd4 Ke6 62. Ke3 Kd6 63. Kf2 Ke6 64. Kg3 Be1+ 65. Kg2 Ba5 66. Kf2 Kd6 67. Ke2 Ke6 68. Ke3 Kf6 69. Bc4 Bb4 70. Bb3 Bc5 71. Bxc5 bxc5 72. Bd5 c4 73. a5 c3 74. a6 c2 75. Kd2 Nd3 76. Kxc2 Nb4+ 77. Kc3 Nxa6 78. Kd4 Nb4 79. e5+ Ke7 80. Ke4 Nc2 81. Bb3 Ne1 82. f4 gxf4 83. Kxf4 Nd3+ 84. Kf5 Nf2 85. Bc2 Nh3 86. Bb3 Nf2 87. Bd5 Nh3 88. Ba2 Nf2 89. Bc4 Nh3 90. Kg6 Nf2 91. Kh5 Kf8 92. e6 Ke7 93. Bb3 Kf6 94. Ba2 Ke7 95. Bd5 Kf6 96. Bc4 Ke7 97. Kh4 Kf6 98. Bd5 Nd3 99. Be4 Nf4 100. Bf5 Ke7 101. g5 hxg5+ 102. Kxg5 Nxe6+ 103. Kh4 1/2-1/2


[Site "http://www.chessbomb.com"]

[Event "World Junior Chess Championship U20 2022"]
[White "Kozak, Antoni"]
[Black "Galaviz Medina, Sion Radamantys"]
[WhiteFideId "21832030"]
[BlackFideId "5123119"]
[WhiteElo "2440"]
[BlackElo "2345"]
[Result "0-1"]
[Round "04"]
[TimeControl "5400+30"]
[Date "2022.10.14"]
[WhiteClock "0:30:24"]
[BlackClock "0:15:50"]

1. e4 c5 2. Nf3 d6 3. d4 cxd4 4. Nxd4 Nf6 5. Nc3 a6 6. Bd3 e5 7. Nde2 Be6 8. O-O Be7 9. f4 O-O 10. f5 Bd7 11. Bg5 b5 12. a4 b4 13. Bxf6 Bxf6 14. Nd5 Bc6 15. Bc4 Nd7 16. a5 Bxd5 17. Qxd5 Qc7 18. Kh1 Qc5 19. Qd3 Bd8 20. Nc1 Nf6 21. Nb3 Qc6 22. Nd2 Ra7 23. Rfc1 g6 24. Rf1 Kg7 25. Bd5 Qc5 26. Nb3 Qc8 27. Ra4 Rc7 28. Rxb4 Rxc2 29. Bb7 Qc7 30. Bxa6 Rxb2 31. Rb7 Qc6 32. Nd4 exd4 33. Rxb2 Bxa5 34. fxg6 hxg6 35. Bc4 Qxe4 36. Qa3 Bc7 37. Rbf2 d5 38. Bd3 Qe5 39. g3 Ne4 40. Rf4 f5 41. Kg2 Bd6 42. Qa4 Rb8 43. Qd7+ Qe7 44. Qxe7+ Bxe7 45. Rb1 Ra8 46. Rb2 Ra3 47. Bb5 d3 48. Rf3 Bf6 49. Rb1 Ra2+ 50. Kh1 d2 51. Be2 Nc3 52. Rxc3 Bxc3 53. Rd1 Kf6 54. Kg2 Ke5 55. Kf3 Ra7 56. Ke3 g5 57. h4 g4 58. Bd3 Kf6 59. Be2 Re7+ 60. Kf2 Re6 61. Rb1 Bd4+ 62. Kf1 Re3 63. Rd1 Rxg3 64. Rxd2 Rg1# 0-1


[Site "http://www.chessbomb.com"]